 Dungeon Crawl Stone Soup version 0.30-a0-141-g30f27751c5 (webtiles) character file.

Game seed: 10553456547488969473

51 qw the Chopper (level 3, -5/23 HPs)
             Began as a Gargoyle Fighter on Sept 25, 2022.
             Killed from afar by Sigmund (8 damage)
             ... with a puff of flame
             ... on level 2 of the Dungeon.
             The game lasted 00:00:28 (972 turns).

qw the Chopper (Gargoyle Fighter)                    Turns: 972, Time: 00:00:28

Health: -5/23      AC: 11    Str: 21    XL:     3   Next: 81%
Magic:  3/3        EV:  9    Int:  8    God:
Gold:   37         SH:  4    Dex:  9    Spells: 2/2 levels left

rFire   . . .      SeeInvis .    Y - +0 war axe
rCold   . . .      Faith    .    c - +0 buckler
rNeg    + . .      Spirit   .    b - +0 scale mail
rPois   inf        Reflect  .    g - +0 helmet
rElec   +          Harm     .    (no cloak)
rCorr   .          Rampage  .    (no gloves)
Will    .....                    (no boots)
Stlth   ..........               (no amulet)
HPRegen 0.07/turn                (no ring)
MPRegen 0.08/turn                (no ring)

@: no status effects
A: sickness immunity, AC +3, negative energy resistance 1, electricity
resistance, torment resistance 1, petrification resistance
a: no special abilities


You were on level 2 of the Dungeon.
You visited 1 branch of the dungeon, and saw 2 of its levels.

You collected 37 gold pieces.


Innate Abilities, Weirdness & Mutations

You are immune to sickness and miasma.
Your stone body is resilient. (AC +3)
You are immune to poison.
You resist negative energy. (rN+)
You are resistant to electric shocks. (rElec)
You are resistant to unholy torment.
You are immune to petrification.


   Skills:
 - Level 3.2 Fighting
 + Level 3.6 Axes
 - Level 3.2 Armour
 - Level 3.2 Shields


You had 2 spell levels left.
You didn't know any spells.
Your spell library was empty.

Inventory:

Hand Weapons
 a - a +0 mace
 Y - a +0 war axe (weapon)
Armour
 b - a +0 scale mail (worn)
 c - a +0 buckler (worn)
 g - a +0 helmet (worn)
Scrolls
 h - a scroll of identify
Potions
 d - a potion of might
 e - a potion of haste
 f - a potion of heal wounds {unknown}
 k - a potion of lignification {unknown}

Dungeon Overview and Level Annotations

Branches:
Dungeon (2/15)

Altars:

Annotations:
D:2 Sigmund


Message History

Found a sling.
There is a stone staircase leading up here.
Sigmund the Dreaded comes into view.
He is wielding a +0 scythe.
Sigmund shouts!
Sigmund casts a spell at you. The magic dart hits you.
Enter note:
957 ||| FLEEEEING.
958 ||| FLEEEEING.
959 ||| FLEEEEING.
960 ||| FLEEEEING.
Sigmund hits you from afar with a +0 scythe.
Sigmund hits you but does no damage.
You barely miss Sigmund. Sigmund barely misses you.
You slash Sigmund!
Sigmund is heavily wounded.
Sigmund gestures at you while chanting. You resist with significant effort.
You closely miss Sigmund.
Sigmund is heavily wounded.
Sigmund gestures at you while chanting. The puff of flame hits you!
You hit Sigmund.
Sigmund is heavily wounded.
Sigmund hits you with a +0 scythe.
You hit Sigmund but do no damage.
Sigmund is heavily wounded.
You block Sigmund's attack.
You closely miss Sigmund.
Sigmund is heavily wounded.
Sigmund closely misses you.
You closely miss Sigmund.
Sigmund is heavily wounded.
Sigmund hits you but does no damage.
You closely miss Sigmund.
Sigmund is heavily wounded.
Sigmund points at you and mumbles some strange words.
The puff of flame hits you!
You die...

############
#####..........#
......########.#
<...##########.#########
###...).........@@......
#############.########
#.# #.# #.# #.# #.# #.#
#####


You could see Sigmund.

Vanquished Creatures
  Terence (D:2)
  An endoplasm (D:1)
  2 giant cockroaches (D:1)
  3 goblins (D:1)
  3 hobgoblins (D:1)
  2 jackals (D:1)
  3 kobolds
  2 ball pythons (D:1)
  3 bats
  4 frilled lizards
  2 rats (D:1)
26 creatures vanquished.

Notes
Turn   | Place    | Note
-------+----------+-------------------------------------------
     0 | D:1      | qw the Gargoyle Fighter began the quest for the Orb.
     0 | D:1      | Reached XP level 1. HP: 14/14 MP: 1/1
     0 | D:1      | 0 ||| qw: Version: 0.2-a-10-g399e6c4
     0 | D:1      | 0 ||| qw: Game counter: 286
     0 | D:1      | 0 ||| qw: Always use a shield: true
     0 | D:1      | 0 ||| qw: God list: Okawaru
     0 | D:1      | 0 ||| qw: Allow faded altars: false
     0 | D:1      | 0 ||| qw: Do Orc after D:15 true
     0 | D:1      | 0 ||| qw: Do second Lair branch before Depths: true
     0 | D:1      | 0 ||| qw: Lair rune preference: random
     0 | D:1      | 0 ||| qw: Plans: Normal, Zot:1-4, God:TSO, Crypt, Tomb,
                  | Pan, Slime:5, Hells, Abyss, Orb
     0 | D:1      | 0 ||| PLANNING D:1-11
   153 | D:1      | 153 ||| Stepping ~*~*~tactically~*~*~ (stealth).
   160 | D:1      | Reached XP level 2. HP: 19/19 MP: 2/2
   231 | D:1      | 231 ||| Stepping ~*~*~tactically~*~*~ (stealth).
   232 | D:1      | 232 ||| Stepping ~*~*~tactically~*~*~ (stealth).
   369 | D:1      | 369 ||| Stepping ~*~*~tactically~*~*~ (stealth).
   372 | D:1      | 372 ||| Stepping ~*~*~tactically~*~*~ (stealth).
   375 | D:1      | 375 ||| Stepping ~*~*~tactically~*~*~ (stealth).
   601 | D:1      | Reached skill level 3 in Axes
   724 | D:1      | Reached XP level 3. HP: 23/23 MP: 3/3
   775 | D:1      | 775 ||| UPGRADING to +0 helmet.
   780 | D:1      | 780 ||| READING scroll labelled PIALA LOARRUUCH.
   781 | D:1      | 781 ||| READING 3 scrolls labelled LAITUCKYFE.
   782 | D:1      | 782 ||| READING scroll labelled VEAGOS DIACET.
   783 | D:1      | 783 ||| DRINKING 2 grey potions.
   784 | D:1      | 784 ||| READING 2 scrolls of identify.
   784 | D:1      | 784 ||| IDENTIFYING silvery potion
   785 | D:1      | 785 ||| DROPPING potion of flight.
   849 | D:2      | Noticed Terence
   862 | D:2      | Killed Terence
   866 | D:2      | 866 ||| DROPPING +0 club.
   956 | D:2      | Noticed Sigmund
   957 | D:2      | 957 ||| FLEEEEING.
   958 | D:2      | 958 ||| FLEEEEING.
   959 | D:2      | 959 ||| FLEEEEING.
   960 | D:2      | 960 ||| FLEEEEING.
   968 | D:2      | HP: 2/23 [Sigmund/+0 scythe (6)]
   972 | D:2      | Killed from afar by Sigmund

Levels and vault maps discovered:
D:1:      matt_arrival_spirals, layout_rooms, chequers_avenue,
          minmay_misc_feat_nine_boxes
D:2:      layout_loops_ring, uniq_sigmund, uniq_terence

Skill      XL: |  1  2 |
---------------+-------+-----
Axes           | 2 3 |  3.6
Fighting       | |  3.2
Armour         | |  3.2
Shields        | |  3.2

Action                   || total
-------------------------++-------
Melee: War axe           ||   101
  Use: Scroll            ||     4
       Potion            ||     1
Armor: Scale mail        ||    46
Dodge: Dodged            ||    38
Block: Buckler           ||    18

Table legend:
 A = Non-vault XP
 B = Vault XP
 C = Vault XP percentage of total XP
 D = Non-vault monster count
 E = Vault monster count
 F = Vault count percentage of total count
                 A         B        C        D         E       F
            +---------+---------+-------+---------+---------+-------
      Total |      37 |      36 |  49.3 |      25 |       1 |   3.8
            +---------+---------+-------+---------+---------+-------
        D:1 |      34 |       0 |   0.0 |      22 |       0 |   0.0
        D:2 |       3 |      36 |  92.3 |       3 |       1 |  25.0
            +---------+---------+-------+---------+---------+-------
